 Dungeon Crawl Stone Soup version 0.30-b1-2-g02819fbbbe (webtiles) character file.

Game seed: 16483061407194971283

1262 dunno567 the Purveyor of Pain (level 8, -5/59 HPs)
             Began as a Demonspawn Necromancer on May 8, 2023.
             Was an Initiate of Kikubaaqudgha.
             Slain by a two-headed ogre
             ... wielding a +0 giant club
              (25 damage)
             ... on level 5 of the Dungeon.
             The game lasted 00:14:09 (6547 turns).

dunno567 the Purveyor of Pain (DsNe)                Turns: 6547, Time: 00:14:10

Health: -5/59      AC:  6    Str:  9    XL:     8   Next: 27%
Magic:  15/15      EV: 13    Int: 19    God:    Kikubaaqudgha [......]
Gold:   408        SH:  0    Dex: 13    Spells: 7/17 levels left

rFire   . . .        c - +0 short sword (venom)
rCold   + . .        (no shield)
rNeg    . . .        a - +0 robe
rPois   .            (helmet unavailable)
rElec   .            r - +1 cloak {rCorr}
rCorr   +            (no gloves)
SInv    .            (no boots)
Will    .....        (no amulet)
Stlth   ++           g - ring of protection from cold
HPRegen 0.29/turn    (no ring)
MPRegen 0.28/turn

%: no passive effects
@: no status effects
A: horns 3, yellow scales 1, magic regeneration, mutation resistance 1
a: Renounce Religion


You were on level 5 of the Dungeon.
You worshipped Kikubaaqudgha.
Kikubaaqudgha was noncommittal.
You visited 2 branches of the dungeon, and saw 6 of its levels.
You also visited: Sewer.

You collected 447 gold pieces.
You paid 39 gold pieces to Gozag.

Inventory:

Hand Weapons
 c - a +0 short sword of venom (weapon)
 n - a +0 dagger
Armour
 a - a +0 robe (worn)
 r - a +1 cloak of preservation (worn)
Jewellery
 g - a ring of protection from cold (left hand)
 w - an amulet of guardian spirit
Wands
 s - a wand of flame (4)
Scrolls
 d - a scroll of poison
 f - 4 scrolls of immolation
 h - 2 scrolls of enchant armour
 i - 2 scrolls of vulnerability
 j - a scroll of blinking {unknown}
 p - 3 scrolls of fog {unknown}
 q - 2 scrolls of magic mapping {unknown}
 u - a scroll of enchant weapon {unknown}
 v - 5 scrolls of identify
Potions
 b - a potion of attraction {unknown}
 e - 2 potions of mutation
 k - a potion of resistance {unknown}
 l - a potion of flight
 m - 3 potions of curing {unknown}
 o - 2 potions of might {unknown}
 t - a potion of haste {unknown}


   Skills:
 + Level 3.6 Fighting
 + Level 3.8 Dodging
 - Level 1.7 Stealth
 * Level 5.3 Spellcasting
 * Level 7.6 Necromancy
 + Level 2.2 Translocations


You had 7 spell levels left.
You knew the following spells:

 Your Spells              Type           Power      Damage    Failure   Level
a - Necrotise             Necr           100%       1d9       1%          1
b - Vampiric Draining     Necr           34%        2d8       1%          3
c - Animate Dead          Necr           34%        N/A       5%          4
d - Blink                 Tloc           26%        N/A       7%          2

Your spell library contained the following spells:

 Spells                   Type           Power      Damage    Failure   Level
 Lesser Beckoning         Tloc           26%        N/A       7%          2
 Momentum Strike          Conj/Tloc      18%        3d8       12%         2
 Gell's Gravitas          Tloc           13%        N/A       14%         3
 Teleport Other           Tloc           13%        N/A       14%         3
 Agony                    Necr           34%        N/A       14%         5
 Poisonous Vapours        Pois/Air       10%        N/A       19%         2
 Portal Projectile        Hex/Tloc       18%        N/A       22%         3
 Inner Flame              Hex/Fire       5%         N/A       36%         3
 Mephitic Cloud           Conj/Pois/Air  5%         N/A       36%         3
 Tukima's Dance           Hex            5%         N/A       36%         3
 Animate Armour           Summ/Erth      10%        N/A       77%         4
 Blade Hands              Tmut           2%         N/A       98%         5
 Freezing Cloud           Conj/Ice/Air   2%         6-21      98%         5
 Yara's Violent Unravell  Hex/Tmut       2%         3d3       98%         5
 Iron Shot                Conj/Erth      2%         9d2       100%        6
 Enfeeble                 Hex            2%         N/A       100%        7


Dungeon Overview and Level Annotations

Branches:
Dungeon (5/15)             Temple (1/1) D:4           Sewer (visited)

Altars:
Ashenzari
Dithmenos
Fedhas
Gozag
Hepliaklqana
Kikubaaqudgha
Makhleb
Nemelex Xobeh
Okawaru
Ru
Sif Muna
Trog
Uskayaw
Vehumet
Wu Jian
Xom


Innate Abilities, Weirdness & Mutations

You have a pair of large horns on your head.
You are partially covered in yellow scales. (AC +2)
You regenerate magic rapidly.
You are somewhat resistant to further mutation.


Message History

The puff of flame hits you! The phantom closely misses you.
You hit the phantom but do no damage.
The phantom is severely damaged.
The kobold closely misses you.
The phantom hits you but does no damage.
You hit the phantom but do no damage. Your headbutt misses the phantom.
The phantom is severely damaged.
The kobold zaps a wand.
The puff of flame hits you! The phantom barely misses you.
You barely miss the phantom.
The phantom is severely damaged.
The kobold hits you but does no damage. The phantom misses you.
You hit the phantom but do no damage. You headbutt the phantom!
The phantom is almost destroyed.
The kobold zaps a wand.
The puff of flame hits you.
The phantom hits you but does no damage.
You hit the phantom.
You destroy the phantom!
Kikubaaqudgha accepts your kill.
The kobold zaps a wand.
The puff of flame hits you.
You hit the kobold.
The kobold is poisoned.
You headbutt the kobold.
You kill the kobold!
Kikubaaqudgha accepts your kill.
s - a wand of flame (4)
You see here a +0 robe.
A two-headed ogre is nearby!
The two-headed ogre shouts in stereo!
Casting: Necrotise (safe; 1% risk of failure)
Confirm with . or Enter, or press ? or * to list all spells.
Okay, then.
Casting: Necrotise (safe; 1% risk of failure)
Confirm with . or Enter, or press ? or * to list all spells.
Okay, then.
The two-headed ogre attacks as you move away!
The two-headed ogre hits you with a +0 giant club!
The two-headed ogre hits you with a +0 giant club!!
You die...
Kikubaaqudgha rasps: "You have failed me!
Welcome... death!"

###..#.# #..#.[..
###.###..#
#....#....
#.#.#..)#.
##.#.#.....
.##........)
#######.##.!.....#.
##.@.....##.....#.#.
#.O###.#.##.#.#.#.#.
#........##.#.#.#..$
#....#.......$......
#.........#.#.#.#..#
#..#[_.#.##.#.......
##.......##.###.#..#
#...#...##. #.#...
#.......# #.##.O


You could see a two-headed ogre (incited).

Vanquished Creatures
  An ice beast (D:5)
  2 black bears
  2 ogres
  A kobold brigand (Sewer)
  A phantom (D:5)
  A scorpion (D:4)
  2 jellies
  An orc priest (D:5)
  Natasha (thrice) (D:2)
  2 iguanas (D:4)
  A sleepcap (D:3)
  An orc wizard (D:4)
  3 gnolls (D:5)
  6 adders
  8 river rats
  An ufetubus (D:3)
  A worm (D:3)
  8 dart slugs
  5 orcs
  5 bats
  14 endoplasms
  10 giant cockroaches
  5 goblins
  6 hobgoblins
  8 jackals
  4 quokkas
  13 ball pythons
  4 frilled lizards
  22 kobolds
  26 rats
167 creatures vanquished.

Vanquished Creatures (collateral kills)
  2 adders
  A gnoll (D:5)
  A hobgoblin (D:3)
  A kobold (D:4)
  A frilled lizard (D:3)
  2 rats (Sewer)
8 creatures vanquished.

Vanquished Creatures (others)
  A black bear zombie (D:5)
  An ogre zombie (D:4)
  4 gnoll zombies (D:5)
  A jackal zombie (D:5)
  4 kobold zombies (Sewer)
11 creatures vanquished.

Grand Total: 186 creatures vanquished

Notes
Turn   | Place    | Note
-------+----------+-------------------------------------------
     0 | D:1      | dunno567 the Demonspawn Necromancer began the quest for the
                  | Orb.
     0 | D:1      | Reached XP level 1. HP: 13/13 MP: 3/3
   316 | D:1      | Gained mutation: You have a pair of small horns on your
                  | head. [demonic ancestry]
   316 | D:1      | Reached XP level 2. HP: 20/20 MP: 1/5
  1109 | D:2      | Reached skill level 1 in Fighting
  1111 | D:2      | Gained mutation: You have a pair of horns on your head.
                  | [demonic ancestry]
  1111 | D:2      | Reached XP level 3. HP: 26/26 MP: 1/6
  1266 | D:1      | Learned a level 3 spell: Vampiric Draining
  1740 | D:2      | Reached skill level 5 in Necromancy
  2083 | D:2      | Noticed Natasha
  2093 | D:2      | Killed Natasha
  2094 | D:2      | Gained mutation: You are partially covered in yellow
                  | scales. (AC +2) [demonic ancestry]
  2094 | D:2      | Reached XP level 4. HP: 21/32 MP: 3/7
  2281 | D:2      | Noticed Natasha
  2295 | D:2      | Killed Natasha
  2471 | D:2      | Noticed Natasha
  2477 | D:2      | Killed Natasha
  2588 | D:3      | Learned a level 4 spell: Animate Dead
  2606 | D:3      | Gained mutation: You regenerate magic rapidly. [demonic
                  | ancestry]
  2606 | D:3      | Reached XP level 5. HP: 36/38 MP: 4/9
  2745 | D:3      | Found a glowing drain.
  2773 | Sewer    | Entered a sewer
  3202 | Sewer    | Reached XP level 6. HP: 44/44 MP: 5/11
  3319 | Sewer    | Gained mutation: You are somewhat resistant to further
                  | mutation. [potion of mutation]
  3325 | Sewer    | HP: 3/66 [kobold brigand/+0 short sword (4)]
  3328 | Sewer    | Reached skill level 6 in Necromancy
  3801 | D:3      | Found an opulent altar of Gozag.
  3805 | D:3      | Learned a level 2 spell: Blink
  3827 | D:3      | Became a worshipper of Gozag Ym Sagoz the Greedy
  4866 | D:3      | Reached XP level 7. HP: 47/51 MP: 7/13
  4937 | D:4      | Fell from the grace of Gozag
  4964 | D:4      | Reached skill level 1 in Translocations
  5332 | D:4      | Found a staircase to the Ecumenical Temple.
  5496 | Temple   | Entered the Ecumenical Temple
  5662 | Temple   | Became a worshipper of Kikubaaqudgha
  5685 | D:5      | Entered Level 5 of the Dungeon
  5689 | D:5      | Reached skill level 7 in Necromancy
  5904 | D:5      | Found a sparkling altar of Nemelex Xobeh.
  5915 | D:5      | Reached skill level 5 in Spellcasting
  5915 | D:5      | Gained mutation: You have a pair of large horns on your
                  | head. [demonic ancestry]
  5915 | D:5      | Reached XP level 8. HP: 51/58 MP: 3/15
  6116 | D:5      | Noticed a two-headed ogre
  6492 | D:5      | Found a radiant altar of Vehumet.
  6547 | D:5      | Slain by a two-headed ogre

Illustrated notes

Levels and vault maps discovered:
D:1:      saegor_arrival_simple_c, layout_loops_ring
D:2:      layout_loops_ring, minmay_worlds_worst_comb, uniq_natasha
D:3:      layout_basic, nicolae_gozag_seed_capital, lightli_sewer_entry_pipes
D:4:      layout_rooms, minmay_temple_entry_glass, minmay_pentangle
D:5:      layout_loops_ring, vehumet_altar_wand_db, nemelex_dance_club_becter
Temple:   eino_temple_scatter_basement

Skill      XL: |  1  2  3  4  5  6  7  8 |
---------------+-------------------------+-----
Dodging        | 2 3 |  3.8
Fighting       | 1 2 3 |  3.6
Necromancy     | 5 6 7 |  7.6
Spellcasting   | 3 4 5 |  5.3
Translocations | 1 2 |  2.2
Stealth        | |  1.7

Action                     |  1- 3 |  4- 6 |  7- 9 || total
---------------------------+-------+-------+-------++-------
  Melee: Dagger            |     1 |    23 |       ||    24
         Headbutt          |       |     8 |     9 ||    17
         Short sword       |       |    25 |    63 ||    88
   Cast: Necrotise         |    75 |   183 |    55 ||   313
         Vampiric Draining |     1 |     2 |     8 ||    11
         Animate Dead      |       |     3 |     3 ||     6
 Invoke: Renounce Religion |       |       |     1 ||     1
    Use: Scroll            |     1 |     5 |     2 ||     8
         Potion            |     1 |     3 |       ||     4
 Armour: Robe              |     2 |    49 |    42 ||    93
         Skin              |       |    18 |       ||    18
  Dodge: Dodged            |    29 |    95 |    80 ||   204
